 Dungeon Crawl Stone Soup version 0.21-a0-241-g2cbab09 (webtiles) character file.

133 tidbits the Skirmisher (level 4, 0/47 HPs)
             Began as a Demigod Wanderer on Sept 3, 2017.
             Killed from afar by an orc wizard (7 damage)
             ... with a magic dart
             ... on level 3 of the Dungeon.
             The game lasted 00:07:38 (1156 turns).

tidbits the Skirmisher (Demigod Wanderer)           Turns: 1156, Time: 00:07:38

Health: 0/47       AC:  7    Str: 14 (15) XL:     4   Next: 63%
Magic:  6/6        EV:  9    Int: 14 (16) God:
Gold:   93         SH:  0    Dex: 14 (17) Spells: 3/3 levels left

rFire    . . .     SeeInvis .   a - +0 quarterstaff (curse)
rCold    . . .     Gourm    .   (shield currently unavailable)
rNeg     . . .     Faith    .   B - +0 scale mail
rPois    .         Spirit   .   (no helmet)
rElec    .         Reflect  .   C - +0 cloak
rCorr    .         Harm     .   (no gloves)
MR       .....                  (no boots)
Stlth    ..........             (no amulet)
HPRegen  0.15/turn              u - ring of wizardry
MPRegen  0.10/turn              (no ring)

@: no status effects
A: high mp 1
a: no special abilities


You were on level 3 of the Dungeon.
You were not hungry.

You visited 1 branch of the dungeon, and saw 3 of its levels.

You collected 93 gold pieces.

Inventory:

Hand Weapons
 a - a cursed +0 quarterstaff (weapon)
 e - a +0 hunting sling of freezing
   (You found it on level 2 of the Dungeon)
 f - a +0 dagger
 q - a +0 dagger of draining
   (You took it off a goblin on level 2 of the Dungeon)
Missiles
 h - 44 stones (quivered)
 k - 31 bolts
 p - 17 poisoned needles
 r - 34 arrows
Armour
 s - a +0 robe
 B - a +0 scale mail (worn)
 C - a +0 cloak (worn)
Jewellery
 u - a ring of wizardry (left hand)
   (You found it on level 2 of the Dungeon)
Scrolls
 c - 2 scrolls of teleportation
 i - a scroll of noise {unknown}
 j - a scroll of recharging {unknown}
 x - a scroll of enchant armour {unknown}
Potions
 b - 2 potions of haste
 d - a potion of ambrosia
Comestibles
 g - 4 bread rations
 n - 3 chunks of flesh
 t - 3 fruits


   Skills:
 + Level 7.0 Fighting
 - Level 1.0 Throwing
 - Level 1.0 Dodging
 - Level 1.0 Stealth
 - Level 1.0 Unarmed Combat


You had 3 spell levels left.
You didn't know any spells.

Dungeon Overview and Level Annotations

Branches:
Dungeon (3/15)


Innate Abilities, Weirdness & Mutations

You have an increased reservoir of magic. (+10% MP)


Message History

Beogh smites you!
* * * LOW HITPOINT WARNING * * *
You hit the orc priest.
The orc priest is moderately wounded.
The orc priest hits you but does no damage.
You barely miss the orc priest.
The orc priest is moderately wounded.
The orc priest hits you with a short sword.
* * * LOW HITPOINT WARNING * * *
The orc priest closely misses you.
You hit the orc priest.
The orc priest is heavily wounded.
The orc priest barely misses you.
You sock the orc priest!
You kill the orc priest!
You feel your intelligence returning.
Your Fighting skill increases to level 7!
Things that are here:
a short sword; an orc corpse You butcher the orc corpse.
n - 3 chunks of flesh (gained 2)
Things that are here:
a short sword; an orc skeleton
Items here: )) รทรทรท a dagger; a short sword; a kobold skeleton x3
You see here a ring mail.
You start to feel less resistant.
Your resistance to elements expires.
Things that are here:
a dagger; a goblin skeleton
There is a stone staircase leading down here.
You climb downwards.
There is a stone staircase leading up here.
g - 4 bread rations (gained 1)
A rat comes into view.
There is a stone staircase leading up here.
The orc shouts!
The orc barely misses you.
You barely miss the orc. The orc hits you with a trident.
* * * LOW HITPOINT WARNING * * *
You hit the orc.
The orc is severely wounded.
The orc barely misses you.
You closely miss the orc.
The orc is severely wounded.
The orc hits you with a trident.
* * * LOW HITPOINT WARNING * * *
Your scale mail prevents you from hitting the orc.
The orc is severely wounded.
The orc hits you but does no damage.
You barely miss the orc.
The orc is severely wounded.
The orc hits you but does no damage.
You sock the orc!
You kill the orc!
Things that are here:
a trident; a leather armour; an orc corpse A jackal comes into view.
A jackal comes into view.
The jackal barks!
You barely miss the orc.
The jackal barks!
The orc hits you with a hand axe.
* * * LOW HITPOINT WARNING * * *
You barely miss the orc. The orc hits you with a hand axe.
* * * LOW HITPOINT WARNING * * *
The orc hits you but does no damage.
You closely miss the orc. The orc barely misses you.
You thump the orc!
You kill the orc!
The jackal barely misses you.
You completely miss the jackal.
The jackal bites you but does no damage.
The jackal completely misses you.
You thump the jackal!
You kill the jackal!
The jackal bites you but does no damage.
You thump the jackal!
You kill the jackal!
You thump the orc!
The orc is almost dead.
The orc hits you with a war axe.
* * * LOW HITPOINT WARNING * * *
Your scale mail prevents you from hitting the orc.
The orc is almost dead.
The orc barely misses you.
You closely miss the orc.
The orc is almost dead.
The orc hits you with a war axe!
* * * LOW HITPOINT WARNING * * *
You sock the orc!
You kill the orc!
You swing at nothing.
You swing at nothing.
You swing at nothing.
You swing at nothing.
The orc wizard shouts!
The orc wizard gestures at you while chanting.
The magic dart hits you!
You die...

.r......#)...##..#.
.......#..........
##.........##..####
###...........# ....###
##...#.##.##...##..#...##
...###.##..#.....#......#
.##....###....##.).#
...<#### #....o.##.####
.....# #.....)@.....#
......# #......###...#
....[.# ####.### #####
_8_...# #.# ......# ##
..?...# .....## ....##


You could see an orc wizard.

Vanquished Creatures
  An orc priest (D:2)
  4 adders (D:2)
  2 worms (D:2)
  A dart slug (D:1)
  2 leopard geckos (D:2)
  6 orcs
  6 bats
  4 giant cockroaches (D:2)
  A hobgoblin (D:2)
  2 jackals (D:3)
  A ball python (D:3)
  3 frilled lizards
  6 goblins
  11 kobolds
  6 rats
56 creatures vanquished.

Notes
Turn   | Place    | Note
-------+----------+-------------------------------------------
     0 | D:1      | tidbits the Demigod Wanderer began the quest for the Orb.
     0 | D:1      | tidbits set off with: a potion of heal wounds, a potion of haste, a scroll of teleportation, a potion of lignification, a +0 robe, a +0 dagger, a bread ration
     0 | D:1      | Reached XP level 1. HP: 23/23 MP: 3/3
   227 | D:1      | Reached XP level 2. HP: 16/30 MP: 4/4
   475 | D:2      | Reached skill level 6 in Fighting
   498 | D:2      | Reached XP level 3. HP: 21/37 MP: 5/5
   800 | D:2      | Reached XP level 4. HP: 16/45 MP: 6/6
   904 | D:3      | Found a white marble altar of Elyvilon.
   904 | D:3      | Found a glowing silver altar of Zin.
  1054 | D:2      | Reached skill level 7 in Fighting
  1156 | D:3      | Killed from afar by an orc wizard

Vault maps used:
D:1:      giann_wishing_wells
D:3:      chequers_temple_overflow_statue_of_worship, first_bread,
          okawaru_altar_gauntlet_db, uniq_grinder

Skill      XL: |  1  2  3  4 |
---------------+-------------+-----
Fighting       | 6 7 |  7.0
Throwing       | |  1.0
Dodging        | |  1.0
Stealth        | |  1.0
Unarmed Combat | |  1.0

Action                   |  1- 3 |  4- 6 || total
-------------------------+-------+-------++-------
Melee: Dagger            |    61 |       ||    61
       Quarterstaff      |    71 |    41 ||   112
  Use: Potion            |     4 |     3 ||     7
       Scroll            |     3 |       ||     3
 Stab: Sleeping          |     3 |       ||     3
  Eat: Royal jelly       |       |     1 ||     1
Armor: Robe              |    26 |       ||    26
       Skin              |    10 |       ||    10
       Scale mail        |    26 |    35 ||    61
Dodge: Dodged            |    99 |    19 ||   118

Table legend:
 A = Spawn XP
 B = Non-spawn XP
 C = Spawn XP percentage of total XP
 D = Spawn monster count
 E = Non-spawn monster count
 F = Spawn count percentage of total count
 G = Total turns spent on level
                    A         B        C        D         E        F      G
               +---------+---------+-------+---------+---------+-------+---------
         Total |      10 |     180 |   5.3 |       5 |      51 |   8.9 |  1156
               +---------+---------+-------+---------+---------+-------+---------
           D:1 |       1 |      26 |   3.7 |       1 |      17 |   5.6 |   403
           D:2 |       5 |     142 |   3.4 |       2 |      28 |   6.7 |   681
           D:3 |       4 |      12 |  25.0 |       2 |       6 |  25.0 |    72
               +---------+---------+-------+---------+---------+-------+---------

Table legend:
 A = Turns spent in this place as a percentage of turns spent in the entire game.
 B = Non-inter-level travel turns spent in this place as a percentage of non-inter-level travel turns spent in the entire game.
 C = Inter-level travel turns spent in this place as a percentage of turns spent in this place.
 D = Turns resting spent in this place as a percentage of non-inter-level travel turns spent in this place.
 E = Turns spent auto-exploring this place as a percentage of non-inter-level travel turns spent in this place.
 F = Non-inter-level travel turns spent in this place divided by the number of levels of this place that you've seen.
                   A       B       C       D       E      F
               +-------+-------+-------+-------+-------+----------------------
         Total | 100.0 | 100.0 |  13.5 |   0.3 |   0.0 | 333.3
       Dungeon | 100.0 | 100.0 |  13.5 |   0.3 |   0.0 | 333.3
               +-------+-------+-------+-------+-------+----------------------

Table legend:
 A = Kills in this place as a percentage of kills in entire the game.
 B = Kills by you in this place as a percentage of kills by you in the entire game.
 C = Kills by friends in this place as a percentage of kills by friends in the entire game.
 D = Other kills in this place as a percentage of other kills in the entire game.
 E = Experience gained in this place as a percentage of experience gained in the entire game.
 F = Experience gained in this place divided by the number of levels of this place that you have seen.
                   A       B       C       D       E      F
               +-------+-------+-------+-------+-------+----------------------
         Total | 100.0 | 100.0 |   N/A |   N/A | 100.0 |  63.3
       Dungeon | 100.0 | 100.0 |   N/A |   N/A | 100.0 |  63.3
               +-------+-------+-------+-------+-------+----------------------

Vault maps used:
D:1:      giann_wishing_wells
D:3:      chequers_temple_overflow_statue_of_worship, first_bread,
          okawaru_altar_gauntlet_db, uniq_grinder
